 Dungeon Sprint DCSS version 0.22.1-1-ga44c0e56f4 (webtiles) character file.

168 MuseOD the Covert (level 5, 0/27 (29) HPs)
             Began as a Spriggan Enchanter on Sept 21, 2018.
             Slain by a necrophage (4 damage)
             ... in the Dungeon (Sprint II: "The Violet Keep of Menkaure").
             The game lasted 00:00:24 (36 turns).

MuseOD the Covert (Spriggan Enchanter)                Turns: 36, Time: 00:00:24

HP:   0/27 (29)     AC:  2    Str:  4    XL:     5   Next: 23%
MP:   10/10         EV: 18    Int: 18    God:
Gold: 0             SH:  0    Dex: 16    Spells: 8/9 levels left

rFire    . . .     SeeInvis +   a - +1 dagger
rCold    . . .     Gourm    .   (shield restricted)
rNeg     . . .     Faith    .   b - +0 robe
rPois    .         Spirit   .   (helmet restricted)
rElec    .         Reflect  .   (no cloak)
rCorr    .         Harm     .   (gloves unavailable)
MR       .....     NoTele   +   (boots unavailable)
Stlth    ++++......             (no amulet)
HPRegen  0.00/turn              (no ring)
MPRegen  0.12/turn              (no ring)

@: berserk cooldown, non-regenerating, diseased, slowed, quick
A: very small, unfitting armour, see invisible, herbivore, speed 3, slow
metabolism 2
a: no special abilities


You were in the Dungeon.
You were not hungry.

You visited 1 branch

Inventory:

Hand Weapons
 a - a +1 dagger (weapon)
Armour
 b - a +0 robe (worn)
Scrolls
 j - a scroll of blinking
Potions
 e - a potion of curing
 f - a potion of heal wounds
 g - a potion of haste
 h - 2 potions of magic
Comestibles
 d - a ration


   Skills:
 + Level 4.2 Fighting
 * Level 8.3 Short Blades
 - Level 3.0 Dodging
 + Level 9.4 Stealth
 - Level 2.6 Spellcasting
 - Level 3.6 Hexes


You had 8 spell levels left.
You knew the following spells:

 Your Spells              Type           Power        Failure   Level  Hunger
a - Corona                Hex            ###....      3%          1    #......

Your spell library contained the following spells:

 Spells                   Type           Power        Failure   Level  Hunger
 Ensorcelled Hibernation  Hex/Ice        #.....       12%         2    ##.....
 Confuse                  Hex            ###.....     12%         3    ###....
 Tukima's Dance           Hex            ###.....     12%         3    ###....
 Dazzling Spray           Conj/Hex       #.....       24%         3    ###....


Dungeon Overview and Level Annotations

Branches:
Dungeon (1/1)

Altars:


Innate Abilities, Weirdness & Mutations

You are very small and have problems with some larger weapons.
You are too small for most types of armour.
You have supernaturally acute eyesight. (SInv)
You are a herbivore.
You cover ground extremely quickly.
You need to consume almost no food.


Message History

You have reached level 5!
You feel clever.
You are no longer berserk.
You are exhausted.
You feel yourself slow down.
You close the door, pushing everything out of the way.
A necrophage opens the door.
The necrophage closely misses you.
There's a creature in the doorway!
There is a staircase leading out of the dungeon here.
The necrophage hits you.
* * * LOW HITPOINT WARNING * * *
The necrophage closely misses you. The necrophage hits you.
* * * LOW HITPOINT WARNING * * *
You feel ill.
You feel your flesh rotting away!
You hit the necrophage but do no damage.
The necrophage misses you. The necrophage closely misses you.
The necrophage completely misses you. The necrophage barely misses you.
The necrophage hits you.
You die...

## ## ##.
.## ..#..
.$† # #'#
.##
##@##.m.#
+.nn+.#
##.##...#
#+# .## #


You could see 2 necrophages.

Vanquished Creatures
  2 necrophages (D)
2 creatures vanquished.

Vanquished Creatures (others)
  A crocodile (D)
1 creature vanquished.

Grand Total: 3 creatures vanquished

Notes
Turn   | Place    | Note
-------+----------+-------------------------------------------
     0 | D        | MuseOD the Spriggan Enchanter began the quest for the Orb.
     0 | D        | Reached XP level 1. HP: 9/9 MP: 5/5
     1 | D        | Noticed a merfolk siren
     4 | D        | Noticed a necrophage
     4 | D        | Noticed a necrophage
     4 | D        | Noticed a necrophage
     4 | D        | Noticed a necrophage
    18 | D        | Killed a necrophage
    18 | D        | Reached skill level 7 in Stealth
    18 | D        | Reached XP level 2. HP: 15/15 MP: 6/6
    18 | D        | Reached XP level 3. HP: 19/19 MP: 8/8
    18 | D        | Reached XP level 4. HP: 23/23 MP: 9/9
    23 | D        | Killed a crocodile
    27 | D        | Killed a necrophage
    27 | D        | Reached skill level 9 in Stealth
    27 | D        | Reached XP level 5. HP: 15/28 MP: 10/10
    36 | D        | Slain by a necrophage

Skill      XL: |  1  2  3  4 |
---------------+-------------+-----
Fighting       | 3 4 |  4.2
Short Blades   | 6 8 |  8.3
Stealth        | 7 9 |  9.4
Dodging        | |  3.0
Spellcasting   | |  2.6
Hexes          | |  3.6

Action                   |  1- 3 |  4- 6 || total
-------------------------+-------+-------++-------
Melee: Dagger            |    13 |    10 ||    23
  Use: Potion            |     1 |       ||     1
Armor: Robe              |     1 |       ||     1
Dodge: Dodged            |     5 |     8 ||    13
